 Dungeon Crawl Stone Soup version 0.19.0-19-g8c6edcc (webtiles) character file.

6538 MovingMist the Blocker (level 10, 0/91 HPs)
             Began as a Minotaur Fighter on Nov 12, 2016.
             Was a High Priest of Okawaru.
             Slain by a wight
             ... wielding a +0 great sword
              (6 damage)
             ... on level 9 of the Dungeon.
             The game lasted 00:30:21 (8213 turns).

MovingMist the Blocker (Minotaur Fighter)           Turns: 8213, Time: 00:30:21

Health: 0/91       AC: 12    Str: 23    XL:     10   Next: 70%
Magic:  9/9        EV:  7    Int: 10    God:    Okawaru [*****.]
Gold:   532        SH: 16    Dex: 11    Spells: 0 memorised, 9 levels left

rFire  . . .     SeeInvis .     K - +2 war axe (elec)
rCold  . . .     Gourm    .     y - +0 chain mail
rNeg   . . .     Faith    .     c - +0 shield
rPois  .         Spirit   .     (helmet restricted)
rElec  .         Reflect  +     (no cloak)
rCorr  .         Harm     .     (no gloves)
MR     .....                    H - +0 pair of boots
Stlth  ..........               g - +4 amulet of reflection
                                (no ring)
                                m - +5 ring of intelligence

@: drained
A: retaliatory headbutt, horns 2
a: Heroism, Finesse, Renounce Religion


You were on level 9 of the Dungeon.
You worshipped Okawaru.
Okawaru was extremely pleased with you.
You were very hungry.

You visited 2 branches of the dungeon, and saw 10 of its levels.

You collected 532 gold pieces.

Inventory:

Hand Weapons
 x - a +1 falchion of holy wrath
 K - a +2 war axe of electrocution (weapon)
Armour
 c - a +0 shield (worn)
 y - a +0 chain mail (worn)
 H - a +0 pair of boots (worn)
Jewellery
 g - a +4 amulet of reflection (around neck)
 m - a +5 ring of intelligence (left hand)
Wands
 a - a wand of acid (3/15)
 b - a wand of acid (6/15)
 w - a wand of confusion (33/48)
 A - a wand of polymorph (11/24)
 F - a wand of lightning (4/15)
 G - a wand of confusion (19/48)
 L - a wand of iceblast (8/15)
Scrolls
 e - 3 scrolls of immolation {unknown}
 i - 4 scrolls of recharging {unknown}
 j - 7 scrolls of teleportation {unknown}
 k - 12 scrolls of identify {unknown}
 p - 5 scrolls of remove curse {unknown}
 q - 2 scrolls of amnesia {unknown}
 s - a scroll of magic mapping {unknown}
 t - a scroll of blinking {unknown}
 B - a scroll of enchant armour {unknown}
 C - 3 scrolls of fear {unknown}
 D - a scroll of fog {unknown}
 N - a scroll of vulnerability {unknown}
Potions
 d - a potion of lignification {unknown}
 h - 5 potions of curing
 o - 3 potions of agility
 u - 2 potions of brilliance {unknown}
 v - 3 potions of mutation {unknown}
 z - 2 potions of degeneration {unknown}
 I - 3 potions of magic {unknown}
 J - 2 potions of flight {unknown}
 M - a potion of cancellation {unknown}
 P - a potion of invisibility {unknown}
Books
 O - a book of Power

   Spells                             Type                      Level
   a - Fulminant Prism                Conjuration/Hexes            4
   b - Iskenderun's Mystic Blast      Conjuration                  4
   c - Venom Bolt                     Conjuration/Poison           5
   d - Bolt of Magma                  Conjuration/Fire/Earth       5
   e - Iron Shot                      Conjuration/Earth            6
   f - Orb of Destruction             Conjuration                  7
   g - Spellforged Servitor           Conjuration/Summoning        7
Comestibles
 f - 9 bread rations
 l - 2 meat rations
 n - a royal jelly
 r - 5 fruits
 E - a beef jerky


   Skills:
 + Level 9.6(8.7) Fighting
 - Level 7.2(6.3) Long Blades
 * Level 7.9(7.1) Axes
 + Level 9.5(8.6) Armour
 + Level 11.3(10.3) Shields


You had 9 spell levels left.
You didn't know any spells.

Dungeon Overview and Level Annotations

Branches:
Dungeon (9/15)             Temple (1/1) D:5
   Lair: D:8-11         Orc: D:9-12

Altars:
Ashenzari
Cheibriados
Hepliaklqana
Nemelex Xobeh
Okawaru
Uskayaw
Vehumet
Xom

Shops:
D:6 =   D:8 :

Annotations:
D:7 TheWoodenMan's ghost, novice GrSk
D:9 Grum


Innate Abilities, Weirdness & Mutations

You reflexively headbutt those who attack you in melee.
You have a pair of horns on your head.


Message History

The centaur dies!
Grum zaps a wand.
Some rock shatters into small pieces.
You feel better.
You barely miss the wight.
The wight is heavily damaged.
You block the wight's attack.
Grum zaps a wand.
Some rock shatters into small pieces.
You closely miss the wight.
The wight is heavily damaged.
The wight hits you with a scimitar.
* * * LOW HITPOINT WARNING * * *
You closely miss the wight.
The wight is severely damaged.
You closely miss the wight. You block the wight's attack.
The wight hits you with a scimitar.
* * * LOW HITPOINT WARNING * * *
You hit the wight.
The wight is severely damaged.
You hit the wight. The wight hits you with a great sword.
You die...

# #..
#.
##..
#.###
#...
#.@##
#...
##zz##
#...
##z.##
#...
#g.##
#...
#...#
# #...
#).#.#
#...
#))..#
##..
##.(.#
##..
##..##
#...


You could see Grum and 3 wights.

Vanquished Creatures
  Erica (D:8)
  Pikel (D:5)
  A manticore (D:6)
  Maurice (D:8)
  Sigmund (D:4)
  Duvessa (D:7)
  An orc warrior (D:6)
  4 ice beasts
  5 sky beasts
  A black bear (D:6)
  5 ogres
  A phantom (D:7)
  A centaur (D:5)
  4 wolves (D:9)
  A big kobold (D:7)
  3 bullfrogs
  A wyvern zombie (D:9)
  A gnoll sergeant (D:7)
  3 scorpions
  5 killer bees (D:9)
  Dowan (D:7)
  6 wights (D:9)
  2 howler monkeys
  4 crimson imps
  2 jellies
  2 quasits (D:8)
  3 hounds
  5 orc wizards
  A bullfrog zombie (D:6)
  5 orc priests
  A bullfrog skeleton (D:4)
  A centaur skeleton (D:7)
  2 iguanas
  Natasha (twice) (D:3)
  5 worker ants
  2 hell rats (D:6)
  A hound skeleton (D:7)
  Robin (D:4)
  4 gnolls (D:7)
  9 adders
  5 river rats (D:6)
  2 shadow imps
  An adder skeleton (D:7)
  2 adder zombies
  A worm (D:3)
  2 dart slugs
  6 leopard geckos
  29 orcs
  7 giant cockroaches
  17 goblins
  7 hobgoblins
  9 jackals
  2 quokkas
  2 bats
  6 frilled lizards
  11 kobolds
  A leopard gecko skeleton (D:7)
  A leopard gecko zombie (D:5)
  A quokka zombie (D:6)
  40 rats
253 creatures vanquished.

Vanquished Creatures (others)
  2 centaurs
  3 orc wizards
  A goblin (D:4)
6 creatures vanquished.

Grand Total: 259 creatures vanquished

Notes
Turn   | Place    | Note
-------+----------+-------------------------------------------
     0 | D:1      | MovingMist the Minotaur Fighter began the quest for the Orb.
     0 | D:1      | Reached XP level 1. HP: 19/19 MP: 0/0
   101 | D:1      | Reached skill level 4 in Shields
   106 | D:1      | Reached XP level 2. HP: 27/27 MP: 1/1
   933 | D:2      | Reached XP level 3. HP: 33/33 MP: 2/2
  1046 | D:2      | Found a hazy altar of Hepliaklqana.
  1515 | D:3      | Found a sparkling altar of Nemelex Xobeh.
  1632 | D:3      | Found a shimmering altar of Xom.
  1650 | D:3      | Reached XP level 4. HP: 40/40 MP: 3/3
  1853 | D:3      | Noticed Natasha
  1862 | D:3      | Killed Natasha
  1862 | D:3      | Reached skill level 5 in Shields
  1995 | D:3      | Noticed Natasha
  1997 | D:3      | Killed Natasha
  2255 | D:4      | Noticed Robin
  2268 | D:4      | Reached XP level 5. HP: 45/47 MP: 4/4
  2364 | D:4      | Killed Robin
  2435 | D:4      | Noticed Sigmund
  2445 | D:4      | Killed Sigmund
  2445 | D:4      | Reached skill level 6 in Shields
  2445 | D:4      | Reached XP level 6. HP: 49/55 MP: 5/5
  2525 | D:4      | Reached skill level 5 in Fighting
  2576 | D:4      | Reached skill level 5 in Armour
  2789 | D:4      | Reached XP level 7. HP: 61/61 MP: 6/6
  2905 | D:5      | Entered Level 5 of the Dungeon
  2956 | D:5      | Reached skill level 7 in Shields
  3144 | D:5      | Found a staircase to the Ecumenical Temple.
  3162 | D:5      | Reached skill level 5 in Long Blades
  3169 | Temple   | Entered the Ecumenical Temple
  3176 | Temple   | Became a worshipper of Warmaster Okawaru
  3310 | D:5      | Found a snail-covered altar of Cheibriados.
  3523 | D:5      | Noticed Pikel
  3552 | D:5      | Killed Pikel
  3552 | D:5      | Reached * piety under Okawaru
  3552 | D:5      | Reached skill level 8 in Shields
  3552 | D:5      | Reached XP level 8. HP: 13/71 MP: 7/7
  4112 | D:6      | Found Tyrem's Jewellery Boutique.
  4129 | D:6      | Noticed a manticore
  4138 | D:6      | Killed a manticore
  4138 | D:6      | Reached ** piety under Okawaru
  4138 | D:6      | Reached skill level 9 in Shields
  4634 | D:6      | Reached XP level 9. HP: 68/79 MP: 8/8
  4875 | D:6      | Found a hide-covered altar of Uskayaw.
  4996 | D:6      | Reached skill level 10 in Shields
  5563 | D:7      | Reached skill level 1 in Axes
  5663 | D:7      | Noticed Dowan
  5664 | D:7      | Noticed Duvessa
  5671 | D:7      | Killed Dowan
  5674 | D:7      | Killed Duvessa
  5674 | D:7      | Reached *** piety under Okawaru
  6054 | D:7      | Noticed TheWoodenMan's ghost (novice GrSk)
  6617 | D:7      | Gained mutation: You are partially covered in slimy green scales. (AC +2) [mutagenic meat]
  6618 | D:7      | Gained mutation: You passively map a small area around you. [mutagenic meat]
  6619 | D:7      | Gained mutation: You regenerate slowly when monsters are visible. [mutagenic meat]
  6620 | D:7      | Gained mutation: You are weak. (Str -2) [mutagenic meat]
  6636 | D:7      | Found a radiant altar of Vehumet.
  6989 | D:8      | Reached XP level 10. HP: 75/90 MP: 9/9
  6994 | D:8      | Reached skill level 5 in Axes
  7038 | D:8      | Reached **** piety under Okawaru
  7098 | D:8      | Noticed Maurice
  7106 | D:8      | Killed Maurice
  7123 | D:8      | Noticed Erica
  7131 | D:8      | Lost mutation: You regenerate slowly when monsters are visible. [potion of cure mutation]
  7131 | D:8      | Lost mutation: You are partially covered in slimy green scales. (AC +2) [potion of cure mutation]
  7131 | D:8      | Lost mutation: You are weak. (Str -2) [potion of cure mutation]
  7131 | D:8      | Lost mutation: You passively map a small area around you. [potion of cure mutation]
  7132 | D:8      | HP: 4/90 [Erica/scimitar of flaming (1)]
  7133 | D:8      | Killed Erica
  7133 | D:8      | Reached skill level 11 in Shields
  7137 | D:8      | HP: 4/91 [poisoned by Erica (bolt of poison)]
  7144 | D:8      | HP: 3/91 [poisoned by Erica (bolt of poison)]
  7152 | D:8      | HP: 3/91 [poisoned by Erica (bolt of poison)]
  7820 | D:8      | Found Aninov's Book Boutique.
  7924 | D:9      | HP: 4/91 [killer bee (4)]
  8152 | D:9      | Noticed Grum
  8193 | D:9      | Reached ***** piety under Okawaru
  8202 | D:9      | HP: 4/91 [Grum/halberd (2)]
  8213 | D:9      | Slain by a wight

Skill      XL: |  1  2  3  4  5  6  7  8  9 10 |
---------------+-------------------------------+-----
Shields        | 4 5 6 8 9 10 11 | 11.3
Armour         | 4 5 6 7 8 9 |  9.5
Fighting       | 4 5 6 7 8 9 |  9.6
Long Blades    | 3 4 5 6 7 |  7.2
Axes           | 4 7 |  7.9

Action                   |  1- 3 |  4- 6 |  7- 9 | 10-12 || total
-------------------------+-------+-------+-------+-------++-------
Melee: Long sword        |    71 |    79 |       |       ||   150
       Headbutt          |    16 |    25 |    74 |    18 ||   133
       Falchion          |       |    80 |   282 |       ||   362
       Unarmed           |       |     2 |       |       ||     2
       War axe           |       |       |   181 |   131 ||   312
Invok: Heroism           |       |       |     1 |     1 ||     2
  Use: Potion            |       |       |     1 |     4 ||     5
  Eat: Chunk             |     2 |     4 |    15 |     2 ||    23
       Bread ration      |       |       |     1 |       ||     1
Armor: Scale mail        |    18 |    16 |       |       ||    34
       Chain mail        |       |    31 |   205 |    68 ||   304
Dodge: Dodged            |    19 |    27 |    64 |    48 ||   158
Block: Shield            |    49 |   104 |   389 |   171 ||   713
       Reflection        |       |     6 |    18 |     5 ||    29
       Rpst.: Long sword |     4 |     3 |       |       ||     7
       Falchion          |       |     5 |    10 |       ||    15
